 Dungeon Crawl Stone Soup version 0.31-a0-960-g0fca184906 (webtiles) character file.

Game seed: 5457744017839291208

51349 redmage the Bludgeoner (level 14, -3/123 HPs)
             Began as an Ogre Gladiator on Oct 24, 2023.
             Was an Elder of the Shining One.
             Killed from afar by a fire dragon (51 damage)
             ... with a blast of flame
             ... on level 5 of the Lair of Beasts.
             The game lasted 00:59:25 (17848 turns).

redmage the Bludgeoner (Ogre Gladiator)            Turns: 17848, Time: 00:59:25

Health: -3/123     AC: 10    Str: 25    XL:     14   Next: 59%
Magic:  21/21      EV: 15    Int:  9    God:    the Shining One [****..]
Gold:   1335       SH:  0    Dex: 16    Spells: 13/13 levels left

rFire   . . .        b - +4 flail (protect)
rCold   . . .        (no shield)
rNeg    + + .        P - +3 troll leather armour {Snorg}
rPois   +            D - +1 hat
rElec   .            C - +1 cloak
rCorr   .            (gloves unavailable)
SInv    .            (boots unavailable)
Will    +....        (no amulet)
Stlth   +            A - +6 ring of dexterity
HPRegen 1.20/turn    R - ring of poison resistance
MPRegen 0.17/turn

%: no passive effects
@: glowing
A: large, unfitting armour, tough skin 1
a: Renounce Religion, Divine Shield, Cleansing Flame


You were on level 5 of the Lair of Beasts.
You worshipped the Shining One.
The Shining One was greatly pleased with you.
You visited 3 branches of the dungeon, and saw 17 of its levels.

You collected 1335 gold pieces.

Inventory:

Hand Weapons
 a - a +0 giant spiked club
 b - a +4 flail of protection (weapon)
 Q - the +6 hammer "Lenigori" {freeze, rF+ Str+2 Int-5}
   (You found it on level 2 of the Dungeon)

   Str+2:     It affects your strength (+2).
   Int-5:     It affects your intelligence (-5).
   rF+:       It protects you from fire.
Missiles
 e - 6 large rocks (quivered)
 v - a throwing net
 K - 6 curare-tipped darts
Armour
 C - a +1 cloak (worn)
 D - a +1 hat (worn)
 G - +0 steam dragon scales
 M - a +2 robe of cold resistance
 P - a +3 troll leather armour (worn) {Snorg}
 T - +0 acid dragon scales
 W - +0 swamp dragon scales
Jewellery
 s - a ring of wizardry
 A - a +6 ring of dexterity (left hand)
 F - a +6 ring of dexterity
 R - a ring of poison resistance (right hand)
 S - a ring of magical power
Talismans
 w - a serpent talisman
Wands
 d - a wand of mindburst (18)
 y - a wand of iceblast (9)
 E - a wand of light (2)
 I - a wand of flame (17)
 V - a wand of polymorph (4)
Scrolls
 c - 3 scrolls of immolation
 h - a scroll of identify
 l - 4 scrolls of revelation
 m - a scroll of blinking
 o - 4 scrolls of poison
 p - a scroll of vulnerability
 q - 4 scrolls of teleportation
 r - 2 scrolls of enchant weapon
 u - a scroll of fear
 z - 2 scrolls of enchant armour
 L - 3 scrolls of amnesia
Potions
 f - 4 potions of curing
 g - 3 potions of haste {unknown}
 i - 2 potions of might
 j - 4 potions of invisibility
 k - a potion of cancellation
 n - 3 potions of enlightenment {unknown}
 t - 5 potions of lignification
 x - 3 potions of ambrosia {unknown}
 H - 3 potions of attraction {unknown}
 J - a potion of mutation
 O - 2 potions of brilliance
 U - a potion of heal wounds
Miscellaneous
 B - a lightning rod (4/4)
 N - a tin of tremorstones (2/2)


   Skills:
 + Level 4.2 Fighting
 - Level 16.0 Maces & Flails
 + Level 10.2 Throwing
 + Level 11.8 Dodging
 + Level 10.3 Invocations


You had 13 spell levels left.
You didn't know any spells.
Your spell library contained the following spells:

 Spells                   Type           Power      Damage    Failure   Level
 Ensorcelled Hibernation  Hex/Ice        0%         N/A       56%         2
 Jinxbite                 Hex            0%         N/A       56%         2
 Passwall                 Tmut/Erth      0%         N/A       56%         2
 Dazzling Flash           Conj/Hex       0%         N/A       80%         3
 Frozen Ramparts          Ice            0%         1d1       80%         3
 Ozocubu's Armour         Ice            0%         N/A       80%         3
 Summon Guardian Golem    Hex/Summ       0%         N/A       80%         3
 Swiftness                Air            0%         N/A       80%         3
 Volatile Blastmotes      Fire/Tloc      0%         2d10      80%         3
 Anguish                  Hex/Necr       0%         N/A       99%         4
 Manifold Assault         Tloc           0%         N/A       99%         4
 Petrify                  Tmut/Erth      0%         N/A       99%         4
 Metabolic Englaciation   Hex/Ice        0%         N/A       100%        5
 Dispersal                Tloc           0%         N/A       100%        6
 Simulacrum               Ice/Necr       0%         N/A       100%        6
 Starburst                Conj/Fire      0%         6d3       100%        6
 Orb of Destruction       Conj           0%         9d5       100%        7
 Spellforged Servitor     Conj/Summ      0%         N/A       100%        7
 Disjunction              Tloc           0%         N/A       100%        8
 Maxwell's Capacitive Co  Air            0%         ∞         100%        8


Dungeon Overview and Level Annotations

Branches:
Dungeon (11/15)            Temple (1/1) D:6            Lair (5/5) D:8
  Swamp (0/4) Lair:3        Snake (0/4) Lair:2        Slime (0/5) Lair:5
    Orc: D:9-12

Altars:
Ashenzari
Cheibriados
Dithmenos
Elyvilon
Fedhas
Gozag
Hepliaklqana
Kikubaaqudgha
Makhleb
Nemelex Xobeh
Okawaru
Qazlal
Ru
Sif Muna
Trog
Uskayaw
Vehumet
Wu Jian
Xom
Yredelemnul
Zin
The Shining One

Shops:
D:9 [

Annotations:
D:9 2 transporters, Erica
D:11 Urug
Lair:3 Kirke


Innate Abilities, Weirdness & Mutations

You are too large for most types of armour.
You have tough skin. (AC +1)


Message History

Throw: 10 large rocks
Press: ? - help, Q - select action, (/) - cycle Shift-Dir - straight line, f/p - fire dragon
Aim: a fire dragon (72% to hit)
You throw a large rock.
The large rock barely misses the fire dragon.
You hear a splash.
The fire dragon breathes flames at you. The blast of flame hits you!!!
You hear an angry hiss. x2
You enter the shallow water.
The plant is engulfed in a cloud of scalding steam.
The plant begins to die.
The plant is engulfed in a cloud of scalding steam.
Unknown command.
Okay, then.
Throw: 9 large rocks
Press: ? - help, Q - select action, (/) - cycle Shift-Dir - straight line, f/p - fire dragon
Aim: a fire dragon (water, haloed, 87% to hit)
You throw a large rock. The large rock hits the fire dragon!
The fire dragon is lightly wounded.
You hear a splash.
A nearby plant withers and dies.
Throw: 8 large rocks
Press: ? - help, Q - select action, (/) - cycle Shift-Dir - straight line, f/p - fire dragon
Aim: a fire dragon (lightly wounded, haloed, 87% to hit)
You throw a large rock. The large rock hits the fire dragon!!
The fire dragon is heavily wounded.
You hear a splash.
The fire dragon breathes flames at you. The blast of flame hits you!!!
You hear an angry hiss.
Throw: 7 large rocks
Press: ? - help, Q - select action, (/) - cycle Shift-Dir - straight line, f/p - fire dragon
Aim: a fire dragon (heavily wounded, catching its breath, haloed, 87% to hit)
You throw a large rock. The large rock hits the fire dragon!!
The fire dragon is almost dead.
You hear a splash.
The fire dragon breathes flames at you. The blast of flame hits you!!!
You die...

.♣ .♣♣♣♣♣♣♣♣♣♣
~~♣♣..♣.♣.♣♣♣♣
≈..~.≈†......♣♣
.~♣~♣.~~.♣♣...♣♣♣
.♣♣♣♣♣♣≈.~♣.†♣..♣♣
#♣ .≈♣♣.~♣.....♣♣
# ... ♣♣≈~~.~...♣
# ♣..♣♣
♣≈.~~≈.@.♣♣ ♣.♣
...≈~.♣♣♣~§..♣♣♣
♣♣ ..≈~.♣♣
♣♣~D...♣ ~~≈~.♣
♣♣.(~.♣♣ ♣.~♣♣
♣♣~≈~~♣ ♣.♣ ♣♣≈≈~♣
♣≈..♣ (.D~§~~..♣
≈~.~§(..♣♣


You could see a fire dragon (catching breath).

Vanquished Creatures
  Snorg (D:10)
  3 hydras
  4 two-headed ogres
  13 death yaks
  3 boulder beetles
  A swamp dragon (Lair:5)
  A wolf spider (Lair:1)
  10 black mambas
  22 elephants
  2 cane toads
  2 torpor snails
  A gargoyle (D:11)
  10 komodo dragons
  2 rime drakes
  A troll (D:11)
  Grinder (D:5)
  A hornet (Lair:1)
  3 polar bears
  The ghost of Thrassey the Slasher, an amateur DsMo (D:6)
  17 blink frogs
  4 dream sheep (Lair:3)
  2 shadows (D:10)
  A wraith (D:9)
  Eustachio (D:5)
  3 wyverns
  3 hogs
  31 yaks
  2 basilisks
  4 steam dragons
  Menkaure (D:5)
  2 vampire mosquitoes (D:10)
  3 acid dragons
  16 water moccasins
  2 ice beasts
  4 orc warriors
  3 black bears
  A sky beast (D:8)
  A swamp drake (Lair:5)
  3 centaurs
  An ogre (D:5)
  29 wolves
  A phantom (D:7)
  6 kobold brigands
  8 bullfrogs
  2 gnoll sergeants (D:9)
  3 scorpions
  2 electric eels (Lair:4)
  6 killer bees (D:9)
  7 howler monkeys
  4 hounds
  A jelly (D:7)
  2 gnoll boudas
  11 orc priests
  Crazy Yiuf (D:2)
  6 iguanas
  14 orc wizards
  A sleepcap (D:6)
  Ijyb (D:3)
  23 gnolls
  14 adders
  3 white imps
  2 ufetubi (D:6)
  A worm (D:2)
  3 dart slugs
  66 orcs
  4 ball pythons
  3 endoplasms
  A giant cockroach (D:4)
  2 goblins (D:2)
  6 hobgoblins
  2 jackals (D:4)
  2 quokkas
  8 bats
  3 frilled lizards
  29 kobolds
  3 rats
467 creatures vanquished.

Notes
Turn   | Place    | Note
-------+----------+-------------------------------------------
     0 | D:1      | redmage the Ogre Gladiator began the quest for the Orb.
     0 | D:1      | Reached XP level 1. HP: 22/22 MP: 1/1
   207 | D:1      | Reached XP level 2. HP: 23/29 MP: 2/2
   404 | D:1      | Reached skill level 3 in Maces & Flails
   980 | D:2      | Reached XP level 3. HP: 37/37 MP: 3/3
  1231 | D:2      | Reached XP level 4. HP: 36/45 MP: 4/4
  1317 | D:2      | Reached skill level 4 in Maces & Flails
  1414 | D:2      | Found a runed translucent door.
  1415 | D:2      | Noticed Crazy Yiuf
  1773 | D:3      | Found a snail-covered altar of Cheibriados.
  1872 | D:3      | Reached XP level 5. HP: 53/53 MP: 5/5
  1992 | D:3      | Noticed Ijyb
  2009 | D:3      | Killed Ijyb
  2394 | D:3      | Found a glowing golden altar of the Shining One.
  2616 | D:3      | Became a worshipper of the Shining One
  3023 | D:4      | Found an iron altar of Okawaru.
  3033 | D:4      | Reached skill level 5 in Maces & Flails
  3297 | D:4      | Reached XP level 6. HP: 48/61 MP: 6/6
  3341 | D:4      | Found a stormy altar of Qazlal.
  3664 | D:5      | Entered Level 5 of the Dungeon
  3717 | D:5      | Noticed Eustachio
  3819 | D:2      | Killed Crazy Yiuf
  3828 | D:2      | Identified the +6 hammer "Lenigori" {freeze, rF+ Str+2
                  | Int-5}
  3994 | D:5      | Killed Eustachio
  3995 | D:5      | Reached XP level 7. HP: 29/67 MP: 7/7
  4253 | D:5      | Reached skill level 6 in Maces & Flails
  4310 | D:5      | Noticed Menkaure
  4330 | D:5      | Killed Menkaure
  4477 | D:5      | Reached skill level 5 in Dodging
  4748 | D:5      | Reached skill level 7 in Maces & Flails
  4748 | D:5      | Reached XP level 8. HP: 66/75 MP: 8/8
  4838 | D:5      | Noticed Grinder
  4838 | D:5      | Reached * piety under the Shining One
  4854 | D:5      | Killed Grinder
  4978 | D:5      | Found a shimmering blue altar of Sif Muna.
  5095 | D:5      | Found an ornate altar of the Wu Jian Council.
  5629 | D:6      | Found a staircase to the Ecumenical Temple.
  5650 | Temple   | Entered the Ecumenical Temple
  5857 | D:6      | Reached skill level 8 in Maces & Flails
  6116 | D:6      | Found a basalt altar of Yredelemnul.
  6116 | D:6      | Found a shadowy altar of Dithmenos.
  6326 | D:6      | Reached skill level 1 in Invocations
  6326 | D:6      | Reached XP level 9. HP: 74/81 MP: 8/10
  6487 | D:6      | Found a runed translucent gate.
  6487 | D:6      | Found a runed translucent gate.
  6489 | D:6      | Found a runed translucent gate.
  6492 | D:6      | Noticed Thrassey's ghost (amateur DsMo)
  6504 | D:6      | Killed Thrassey's ghost
  6505 | D:6      | Reached skill level 9 in Maces & Flails
  7014 | D:7      | Reached ** piety under the Shining One
  7414 | D:7      | Found a white marble altar of Elyvilon.
  7939 | D:8      | Noticed a two-headed ogre
  7957 | D:8      | HP: 4/81 [two-headed ogre/+0 giant club (16)]
  7991 | D:8      | HP: 4/81 [bullfrog (1)]
  8237 | D:8      | Reached skill level 10 in Maces & Flails
  8237 | D:8      | Reached XP level 10. HP: 88/91 MP: 13/13
  8300 | D:8      | Noticed an elephant
  8304 | D:8      | Killed a two-headed ogre
  8323 | D:8      | Killed an elephant
  8390 | D:8      | Noticed an elephant
  8401 | D:8      | Killed an elephant
  8402 | D:8      | Reached skill level 5 in Invocations
  8469 | D:8      | Found a staircase to the Lair.
  9027 | D:9      | Identified the of Odoc
  9070 | D:9      | Found a transporter.
  9077 | D:9      | Found a transporter.
  9083 | D:9      | Noticed a cyclops
  9093 | D:9      | Noticed an orc knight
  9093 | D:9      | Noticed a red ugly thing
  9095 | D:9      | Noticed a tengu warrior
  9096 | D:9      | Noticed Erica
  9122 | D:9      | Reached skill level 5 in Throwing
  9297 | D:9      | Reached skill level 11 in Maces & Flails
  9500 | D:9      | Reached XP level 11. HP: 57/97 MP: 15/15
  9650 | D:9      | Reached *** piety under the Shining One
  9754 | D:9      | Noticed a two-headed ogre
  9760 | D:9      | Killed a two-headed ogre
  9807 | D:9      | Found Vanup's Armour Boutique.
 10139 | D:10     | Entered Level 10 of the Dungeon
 10380 | D:10     | Found a radiant altar of Vehumet.
 10889 | D:10     | Noticed Snorg
 10905 | D:10     | Killed Snorg
 11432 | D:11     | Noticed a boulder beetle
 11483 | D:10     | Reached skill level 12 in Maces & Flails
 11626 | D:11     | Noticed a two-headed ogre
 11626 | D:11     | Noticed a two-headed ogre
 11638 | D:11     | Noticed a two-headed ogre
 11644 | D:11     | Killed a two-headed ogre
 11648 | D:11     | Killed a two-headed ogre
 11716 | D:11     | Noticed a boulder beetle
 11736 | D:11     | Killed a boulder beetle
 11761 | D:11     | Noticed Urug
 11877 | D:12     | Identified the "Rayfrura"
 11877 | Lair:1   | Entered Level 1 of the Lair of Beasts
 11901 | D:8      | Reached XP level 12. HP: 84/105 MP: 17/17
 12167 | Lair:1   | Reached **** piety under the Shining One
 12199 | Lair:2   | Found a staircase to the Snake Pit.
 12405 | Lair:1   | Reached skill level 13 in Maces & Flails
 12931 | Lair:2   | Noticed a death yak
 12932 | Lair:2   | Noticed a death yak
 12948 | Lair:2   | Noticed a death yak
 12984 | Lair:3   | Noticed a seven-headed hydra
 13006 | Lair:3   | Killed a seven-headed hydra
 13023 | Lair:3   | Reached skill level 10 in Dodging
 13047 | Lair:3   | Reached XP level 13. HP: 87/111 MP: 19/19
 13094 | Lair:3   | HP: 3/111 [elephant (12)]
 13217 | Lair:3   | Found a staircase to the Swamp.
 13434 | Lair:3   | Reached skill level 14 in Maces & Flails
 14242 | Lair:1   | Reached skill level 10 in Invocations
 15147 | Lair:4   | Noticed Kirke
 15506 | Lair:4   | Reached skill level 15 in Maces & Flails
 15768 | Lair:3   | Reached XP level 14. HP: 110/120 MP: 21/21
 16150 | Lair:4   | Reached skill level 10 in Throwing
 16465 | Lair:5   | Entered Level 5 of the Lair of Beasts
 17140 | Lair:5   | Found a staircase to the Slime Pits.
 17510 | Lair:5   | Reached skill level 16 in Maces & Flails
 17848 | Lair:5   | Killed from afar by a fire dragon

Illustrated notes

Levels and vault maps discovered:
D:1:      minmay_arrival_stone_box, layout_basic
D:2:      layout_basic, uniq_crazy_yiuf_cottage
D:3:      layout_rooms, kennysheep_slug_shrine, tso_altar,
          grunt_decor_mini_mirrors, eino_tiny_chamber, chequers_arboretum,
          small_statue_intersection, minmay_misc_feat_plants,
          grunt_ministairs_14, uniq_ijyb
D:4:      layout_basic, nicolae_qazlal_scattered_showers,
          okawaru_metal_pillars_1_2
D:5:      layout_loops_corners, led_sif_pool, pf_just_have_faith,
          kennysheep_diamond, uniq_eustachio, uniq_menkaure, uniq_grinder
D:6:      layout_layer_cave, gammafunk_temple_overflow_wave,
          minmay_temple_entry_trees, ebering_ghost_rock_garden,
          nicolae_zen_rock_garden
D:7:      layout_loops_cross, elyvilon_altar_4
D:8:      minmay_goldmine, layout_rooms, grunt_lair_entry_orc_guard_hut
D:9:      gammafunk_the_bubble [the_bubble_gammafunk_plus_minus], layout_basic,
          serial_shops, nicolae_shop_scrapyard, uniq_erica
D:10:     layout_long_grid, nicolae_overflow_hidden_temple, uniq_snorg
D:11:     layout_roguey, erik_orc_4, dilly_guarded_unrand_devastator, uniq_urug
Temple:   nicolae_temple_no_exploring_needed
Lair:1:   minmay_lair_venomous_thicket, layout_big_grid
Lair:2:   layout_cave_pods, dummy_snake_entry
Lair:3:   layout_roguey, minmay_swamp_entry_reptiles,
          chequers_serial_rivers_room_a
Lair:4:   layout_gridlike, serial_bayou_shore_a, grunt_megastairs_3, uniq_kirke
Lair:5:   guppyfry_lair_end_dragon, layout_loops_ring, slime_entry_1,
          lemuel_fruit_tree

Skill      XL: |  1  2  3  4  5  6  7  8  9 10 11 12 13 14 |
---------------+-------------------------------------------+-----
Fighting       | 3 4 |  4.2
Maces & Flails | 3 4 5 7 8 10 11 12 13 15 16 | 16.0
Dodging        | 3 4 5 6 7 8 9 10 11 | 11.8
Invocations    | 1 4 6 7 9 10 | 10.3
Throwing       | 3 5 7 8 9 10 | 10.2

Action                     |  1- 3 |  4- 6 |  7- 9 | 10-12 | 13-15 || total
---------------------------+-------+-------+-------+-------+-------++-------
  Melee: Flail             |    60 |   171 |   123 |   764 |   819 ||  1937
         Punch             |       |     1 |     3 |    10 |    15 ||    29
         Mace              |       |    41 |   140 |       |       ||   181
  Throw: Throwing net      |       |     6 |       |       |       ||     6
         Large rock        |       |       |     8 |    33 |    69 ||   110
 Invoke: Cleansing Flame   |       |       |       |       |     4 ||     4
         Divine Shield     |       |       |       |       |     1 ||     1
  Evoke: Tin of tremorston |       |       |       |     2 |       ||     2
         Wand              |       |       |       |       |     4 ||     4
    Use: Scroll            |       |     5 |    13 |     5 |     4 ||    27
         Potion            |       |       |     1 |     3 |     2 ||     6
 Armour: Robe              |    26 |   159 |    40 |       |       ||   225
         Steam dragon scal |       |       |   120 |   192 |       ||   312
         Troll leather arm |       |       |       |   321 |   677 ||   998
  Dodge: Dodged            |    45 |   138 |   177 |   581 |   545 ||  1486
  Block: Other             |       |       |       |       |    37 ||    37

Table legend: (Time is in decaauts)
 A = Elapsed time spent in this place.
 B = Non-inter-level travel time spent in this place.
 C = Inter-level travel time spent in this place.
 D = Time resting spent in this place.
 E = Time spent auto-exploring this place.
 F = Levels seen in this place.
 G = Mean time per level.
                   A        B        C        D        E       F      G
               +--------+--------+--------+--------+--------+-----+--------+
         Total |  17589 |  16662 |    927 |   1166 |  11510 |  17 | 1034.6 |
       Dungeon |  11913 |  11308 |    605 |    875 |   8238 |  11 | 1083.0 |
        Temple |     54 |     54 |      0 |     53 |      0 |   1 |   54.0 |
          Lair |   5621 |   5300 |    321 |    238 |   3272 |   5 | 1124.2 |
               +--------+--------+--------+--------+--------+-----+--------+

Top non-repeatable levels by time:
     D:5: 1568 daAuts
    D:10: 1371 daAuts
     D:8: 1348 daAuts
     D:6: 1315 daAuts
  Lair:2: 1308 daAuts
  Lair:5: 1218 daAuts
  Lair:4: 1182 daAuts
     D:3: 1161 daAuts
     D:1: 1111 daAuts
     D:9: 1106 daAuts
     D:7: 1050 daAuts
  Lair:3: 1031 daAuts
     D:4: 924 daAuts
  Lair:1: 880 daAuts
     D:2: 676 daAuts
